 Dungeon Crawl Stone Soup version 0.29.1-14-g9c671dbff4 (webtiles) character file.

Game seed: 4324332234194782698

169 sankara the Grave Robber (level 5, 0/40 HPs)
             Began as a Hill Orc Necromancer on Feb 13, 2023.
             Slain by a hound (4 damage)
             ... on level 4 of the Dungeon.
             The game lasted 00:09:32 (3478 turns).

sankara the Grave Robber (Hill Orc Necromancer)     Turns: 3478, Time: 00:09:33

Health: 0/40       AC:  3    Str: 11    XL:     5   Next: 50%
Magic:  4/8        EV: 12    Int: 17    God:
Gold:   168        SH:  0    Dex: 11    Spells: 0/8 levels left

rFire   . . .      SeeInvis .   a - +11 falchion of Cocytus {speed, Drain rN+ Will+}
rCold   + . .      Faith    .   (no shield)
rNeg    + . .      Spirit   .   d - +0 robe
rPois   .          Reflect  .   e - +0 helmet
rElec   .          Harm     .   (no cloak)
rCorr   .          Rampage  .   (no gloves)
Will    +....                   (no boots)
Stlth   ++........              (no amulet)
HPRegen 0.13/turn               h - ring of protection from cold
MPRegen 0.11/turn               (no ring)

@: no status effects
A: no striking features
a: no special abilities


You were on level 4 of the Dungeon.
You visited 1 branch of the dungeon, and saw 4 of its levels.

You collected 168 gold pieces.

Inventory:

Hand Weapons
 a - the +11 falchion of Cocytus (weapon) {speed, Drain rN+ Will+}
   (You found it on level 2 of the Dungeon)

   Attacks with this weapon are significantly faster.
   rN:        It protects you from negative energy.
   Drain:     It drains your maximum health when unequipped.
   Will:      It increases your willpower.
 j - a +0 dagger
 n - a +0 sling
Armour
 d - a +0 robe (worn)
 e - a +0 helmet (worn)
Jewellery
 h - a ring of protection from cold (left hand)
Wands
 l - a wand of roots (5)
Scrolls
 f - 3 scrolls of identify {unknown}
 g - a scroll of fog {unknown}
Potions
 b - a potion of magic
 c - 2 potions of attraction {unknown}
 i - 3 potions of curing {unknown}
 k - 2 potions of cancellation {unknown}
 m - a potion of might {unknown}


   Skills:
 + Level 1.3 Fighting
 + Level 1.1 Long Blades
 + Level 2.3 Dodging
 + Level 2.4 Stealth
 + Level 2.2 Spellcasting
 * Level 5.0 Necromancy


You couldn't memorise any spells.
You knew the following spells:

 Your Spells              Type           Power      Damage    Failure   Level
a - Necrotise             Necr           76%        1d7       2%          1
b - Vampiric Draining     Necr           19%        2d7       7%          3
c - Animate Dead          Necr           19%        N/A       24%         4

Your spell library contained the following spells:

 Spells                   Type           Power      Damage    Failure   Level
 Ensorcelled Hibernation  Hex/Ice        2%         N/A       28%         2
 Passwall                 Tmut/Erth      0%         N/A       28%         2
 Conjure Flame            Conj/Fire      1%         6-21      50%         3
 Ignite Poison            Fire/Tmut/Pois 1%         N/A       50%         3
 Inner Flame              Hex/Fire       1%         N/A       50%         3
 Swiftness                Air            1%         N/A       50%         3
 Agony                    Necr           19%        N/A       54%         5
 Cause Fear               Hex            0%         N/A       88%         4
 Sticky Flame             Conj/Fire      1%         2d3       88%         4
 Discord                  Hex            0%         N/A       100%        8


Dungeon Overview and Level Annotations

Branches:
Dungeon (4/15)
 Temple: D:4-7

Altars:
Uskayaw

Annotations:
D:2 Sigmund


Message History

Aim: a jackal (moderately wounded, ally target, chance to affect: 89%)
The jackal writhes in agony.
The hound misses you. The jackal closely misses you.
The jackal barely misses your orc skeleton.
The hound barely misses you.
Your orc skeleton hits the jackal but does no damage.
Casting: Necrotise (safe; 2% risk of failure)
Confirm with . or Enter, or press ? or * to list all spells.
Aiming: Necrotise (safe; 2% risk of failure)
Press: ? - help, Shift-Dir - straight line, f/p - jackal
Aim: a jackal (severely wounded, ally target, chance to affect: 89%)
The jackal writhes in agony.
You kill the jackal!
The dead are walking!
The hound barely misses you. The jackal bites you.
* * * LOW HITPOINT WARNING * * *
Your orc skeleton hits the jackal but does no damage.
The hound bites you but does no damage.
Your jackal skeleton bites the jackal but does no damage.
The hound attacks as you move away! The hound bites you but does no damage.
Your jackal skeleton barely misses the hound.
The goblin hits your orc skeleton with a +0 club.
The jackal barely misses your orc skeleton.
Your orc skeleton barely misses the jackal.
The jackal bites your orc skeleton.
The goblin hits your orc skeleton with a +0 club.
Your orc skeleton is destroyed!
Your jackal skeleton misses the hound.
The hound attacks as you move away! The hound closely misses you.
Your jackal skeleton barely misses the jackal.
The hound misses you. The hound attacks as you move away!
The hound bites you but does no damage. Something bites your jackal skeleton.
Your jackal skeleton closely misses the jackal.
The hound attacks as you move away! The hound bites you.
* * * LOW HITPOINT WARNING * * *
Something bites your jackal skeleton. The hound bites you.
* * * LOW HITPOINT WARNING * * *
There is a stone staircase leading up here.
The hound bites you.
You die...

.##.... .<......#
.........#
#.........+
#..$......# .
..........# ..
..........#######...
...........'@.......
...?.......#hh......
..........<#........
...##.)####Z####..#
...##))####g## .#
........h...h.# #
........g..g..#
..............+
#...##..##...##


You could see a hound, a gnoll, 2 jackals, a goblin and a friendly jackal
skeleton.

Vanquished Creatures
  An orc wizard (D:4)
  Terence (D:2)
  Robin (D:2)
  A gnoll (D:1)
  2 adders (D:2)
  3 worms (D:2)
  A dart slug (D:1)
  2 orcs (D:4)
  7 bats
  6 endoplasms
  A giant cockroach (D:2)
  8 hobgoblins
  5 jackals
  A kobold (D:3)
  A quokka (D:1)
  4 ball pythons
  2 frilled lizards
  10 goblins
  4 rats
61 creatures vanquished.

Vanquished Creatures (collateral kills)
  A worm (D:2)
  2 ball pythons (D:1)
  A hobgoblin (D:2)
4 creatures vanquished.

Vanquished Creatures (others)
  A goblin (D:2)
1 creature vanquished.

Grand Total: 66 creatures vanquished

Notes
Turn   | Place    | Note
-------+----------+-------------------------------------------
     0 | D:1      | sankara the Hill Orc Necromancer began the quest for the
                  | Orb.
     0 | D:1      | Reached XP level 1. HP: 14/14 MP: 3/3
   355 | D:1      | Reached XP level 2. HP: 20/20 MP: 1/4
   878 | D:1      | Reached XP level 3. HP: 26/26 MP: 2/5
  1179 | D:2      | Noticed Sigmund
  1401 | D:2      | Identified the +11 falchion of Cocytus {speed, Drain rN+
                  | Will+}
  1445 | D:2      | Noticed Terence
  1451 | D:2      | Learned a level 3 spell: Vampiric Draining
  1461 | D:2      | Killed Terence
  1462 | D:2      | Reached XP level 4. HP: 25/34 MP: 0/7
  1816 | D:2      | Found a hide-covered altar of Uskayaw.
  1913 | D:2      | Noticed Robin
  1934 | D:2      | Killed Robin
  1938 | D:2      | Reached skill level 1 in Fighting
  1942 | D:2      | Reached XP level 5. HP: 12/40 MP: 3/8
  2153 | D:2      | Found a faded altar of an unknown god.
  2890 | D:3      | Found a hide-covered altar of Uskayaw.
  2896 | D:3      | Learned a level 4 spell: Animate Dead
  2906 | D:3      | Noticed a +0 dagger
  2906 | D:3      | Noticed a +0 dagger
  3462 | D:4      | Reached skill level 1 in Long Blades
  3462 | D:4      | Reached skill level 5 in Necromancy
  3478 | D:4      | Slain by a hound

Illustrated notes

Levels and vault maps discovered:
D:1:      erik_arrival_cave_to_civilisation [erik_arrival_cave_to_hall],
          layout_basic, dreamdust_wishing_well
D:2:      layout_basic, ebering_ecumenical_altar_box, basic_altar,
          minmay_strange_pillars, uniq_terence, uniq_sigmund, uniq_robin
D:3:      layout_basic, dancing_weapons_uskayaw
D:4:      lemuel_castle_with_subvaults [lemuel_castle_interior_carwin_1],
          layout_gridville

Skill      XL: |  1  2  3  4  5 |
---------------+----------------+-----
Dodging        | 2 |  2.3
Stealth        | 2 |  2.4
Spellcasting   | 2 |  2.2
Fighting       | 1 |  1.3
Long Blades    | 1 |  1.1
Necromancy     | 5 |  5.0

Action                   |  1- 3 |  4- 6 || total
-------------------------+-------+-------++-------
Melee: Dagger            |    13 |       ||    13
       Falchion          |     2 |    65 ||    67
       Punch             |       |     1 ||     1
 Cast: Necrotise         |    38 |    29 ||    67
 Stab: Sleeping          |       |     6 ||     6
Armor: Robe              |     8 |    26 ||    34
Dodge: Dodged            |    16 |    52 ||    68
